 Dungeon Crawl Stone Soup version 0.18-a0-1347-gb9e2fb4 (webtiles) character file.

137 M4edhros the Insei (level 5, -3/41 HPs)
             Began as a Mummy Monk on Feb 17, 2016.
             Slain by a worker ant (7 damage)
             ... on level 4 of the Dungeon.
             The game lasted 00:09:03 (6056 turns).

M4edhros the Insei (Mummy Monk)                     Turns: 6056, Time: 00:09:03

Health: -3/41      AC:  2    Str: 14    XL:     5   Next: 0%
Magic:  5/5        EV: 10    Int: 10    God:
Gold:   205        SH:  7    Dex: 15    Spells: 0 memorised, 4 levels left

rFire  x . .     SeeInvis .       - Unarmed
rCold  + . .     Gourm    .     (no armour)
rNeg   + + +     Faith    .     d - +0 shield
rPois  ∞         Spirit   .     (no helmet)
rElec  .         Dismiss  .     (no cloak)
rCorr  .         Reflect  .     h - +1 pair of gloves
SustAt .         Harm     .     (no boots)
MR     .....                    (no amulet)
Stlth  ++........               (no ring)
                                (no ring)

@: not resistant to hostile enchantments, unstealthy
A: no food or potions, fire vulnerability, cold resistance 1, negative energy
resistance 3, torment resistance, unbreathing
a: no special abilities


You were on level 4 of the Dungeon.
You were not hungry.

You visited 1 branch of the dungeon, and saw 4 of its levels.

You collected 205 gold pieces.

Inventory:

Armour
 d - a +0 shield (worn)
 h - a +1 pair of gloves (worn)
Wands
 g - a wand of random effects (3/48)
Scrolls
 a - a scroll of remove curse
 j - a scroll of noise
 l - 2 scrolls of random uselessness
 m - a scroll of recharging
 n - a scroll of fog
Comestibles
 b - 7 fruits (quivered)
 f - 2 bread rations


   Skills:
 - Level 3.0 Fighting
 - Level 2.4 Dodging
 + Level 2.8 Stealth
 * Level 4.7 Unarmed Combat


You had 4 spell levels left.
You didn't know any spells.

Dungeon Overview and Level Annotations

Branches:
Dungeon (4/15)
 Temple: D:4-7

Altars:
Cheibriados
Fedhas
Pakellas
Qazlal
Trog
Xom
The Shining One

Shops:
D:4 =!

Annotations:
D:3 YrmMerkstave's ghost, amateur MfGl
D:4 exclusion: orc wizard, Natasha


Innate Abilities, Weirdness & Mutations

You do not eat or drink.
Your flesh is vulnerable to fire.
You are immune to poison.
Your flesh is cold resistant.
You are immune to negative energy.
You are immune to unholy pain and torment.
You can survive without breathing.


Message History

* * * LOW HITPOINT WARNING * * *
You completely miss the worker ant.
The worker ant is moderately wounded.
The worker ant bites you.
* * * LOW HITPOINT WARNING * * *
The worker ant barely misses you.
Read which item? (? for menu, Esc to quit)
As you read the scroll labeled FAVUTU SAZ KETH, it crumbles to dust.
You feel aware of your surroundings.
You sensed 1 altar, and 3 shops/portals.
It was a scroll of magic mapping.
The worker ant bites you.
* * * LOW HITPOINT WARNING * * *
You closely miss the worker ant.
The worker ant is moderately wounded.
The worker ant bites you.
* * * LOW HITPOINT WARNING * * *
You barely miss the worker ant.
The worker ant is moderately wounded.
The worker ant bites you!
You die...

****######.#### *,* *,,,,,,
,,,...........# *,* *,,****
,**##########.# ***,****,,** ,*
#.# *,,,,,,,,,,*** ,* #.#
*,*,**,,,,,,,* ,* #.#
*,*,,,,*****,, ,* #.### **,****,*
*,, ,* #.#.##*,*,***,* *,, ,*
#(.#@#,**,,**,* *,,
,***********###..a#**,*,*,*****,,
,*,,,,,≈,≈,,,#...#.#*+*,*,,,,,,,,
,,,,,,,≈≈≈,8,##.###.+∩+,********,
,,,,,,,,,,8_8*#.# *##+*********,*
*,,,,,,≈≈≈,8,*..# *,****,,,,,**
**,,,,,≈,≈,,,*### *,,,∩,,****,*
************* *,,,,,,,,,,*,
**********,*,


You could see a worker ant.

Vanquished Creatures
  A hound (D:4)
  A worker ant (D:4)
  2 adders
  An ooze (D:1)
  3 worms
  2 orcs (D:3)
  2 giant cockroaches
  6 goblins
  5 hobgoblins
  5 jackals
  A ball python (D:2)
  7 bats
  3 giant newts
  7 kobolds
  8 rats
54 creatures vanquished.

Notes
Turn   | Place    | Note
--------------------------------------------------------------
     0 | D:1      | M4edhros the Mummy Monk began the quest for the Orb.
     0 | D:1      | Reached XP level 1. HP: 18/18 MP: 1/1
   214 | D:1      | Reached XP level 2. HP: 13/24 MP: 2/2
  1343 | D:2      | Reached XP level 3. HP: 27/29 MP: 3/3
  1355 | D:2      | Found a bloodstained altar of Trog.
  1797 | D:2      | Found a stormy altar of Qazlal.
  2204 | D:3      | Found a snail-covered altar of Cheibriados.
  2204 | D:3      | Noticed YrmMerkstave's ghost (amateur MfGl)
  2361 | D:3      | Reached skill level 4 in Unarmed Combat
  3142 | D:3      | Found a glowing golden altar of the Shining One.
  3869 | D:2      | Reached XP level 4. HP: 19/35 MP: 4/4
  4073 | D:4      | Found Dadghilev's Jewellery Shop.
  4073 | D:4      | Found Plog's Distillery.
  5542 | D:3      | Found an oddly glowing altar of Pakellas.
  5553 | D:3      | Found a shimmering altar of Xom.
  5814 | D:4      | Reached XP level 5. HP: 22/41 MP: 5/5
  5965 | D:4      | Noticed Natasha
  6001 | D:4      | Found a blossoming altar of Fedhas.
  6056 | D:4      | Slain by a worker ant

Vault maps used:
D:1:      dpeg_arrival_rooms_b, serial_park_tiny_1
D:2:      overflow_temple_1_default, overflow_temple_1_default
D:3:      marbit_many_paths, cheibriados_altar_1, minitemple
D:4:      kennysheep_okawaru_gauntlet, fedhas_altar_2, serial_shops, shop,
          nicolae_shop_behind_doors, shop, shop, nicolae_shop_statue_plus,
          uniq_natasha

Action                   |  1- 3 |  4- 6 || total
-------------------------+-------+-------++-------
Melee: Unarmed           |   207 |   106 ||   313
  Use: Scroll            |     8 |     2 ||    10
 Stab: Sleeping          |     2 |     1 ||     3
